 Dungeon Crawl Stone Soup version 0.22-a0-570-g58866f5 (webtiles) character file.

318 Hebeh the Covered (level 6, -1/79 HPs)
             Began as a Minotaur Fighter on June 30, 2018.
             Slain by a gnoll
             ... wielding a +2 spear of distortion
              (7 damage)
             ... on level 4 of the Dungeon.
             The game lasted 00:05:47 (3181 turns).

Hebeh the Covered (Minotaur Fighter)                Turns: 3181, Time: 00:05:59

Health: -1/79      AC:  8    Str: 28    XL:     6   Next: 21%
Magic:  5/5        EV:  9    Int:  5    God:
Gold:   192        SH: 10    Dex:  9    Spells: 5/5 levels left

rFire    . . .     SeeInvis .   a - +0 war axe
rCold    . . .     Gourm    .   c - +0 shield
rNeg     . . .     Faith    .   b - +0 scale mail
rPois    .         Spirit   .   (helmet restricted)
rElec    .         Reflect  .   h - +0 cloak
rCorr    .         Harm     .   (no gloves)
MR       .....                  (no boots)
Stlth    ..........             (no amulet)
HPRegen  0.23/turn              (no ring)
MPRegen  0.09/turn              (no ring)

@: berserking, about to teleport, very quick
A: retaliatory headbutt, horns 2
a: no special abilities


You were on level 4 of the Dungeon.
You were hungry.

You visited 1 branch of the dungeon, and saw 4 of its levels.

You collected 192 gold pieces.

Inventory:

Hand Weapons
 a - a +0 war axe (weapon)
Missiles
 m - 2 silver tomahawks (quivered)
Armour
 b - a +0 scale mail (worn)
 c - a +0 shield (worn)
 h - a +0 cloak (worn)
Jewellery
 t - an uncursed ring of stealth {unknown}
 v - an uncursed ring of positive energy {unknown}
Wands
 p - a wand of acid (9)
Scrolls
 g - a scroll of remove curse {unknown}
 i - a scroll of immolation {unknown}
 j - 3 scrolls of teleportation {unknown}
 k - a scroll of magic mapping {unknown}
 n - 6 scrolls of identify {unknown}
 q - a scroll of noise {unknown}
 u - 2 scrolls of fear {unknown}
Potions
 d - a potion of might
 e - a potion of haste {unknown}
 l - a potion of flight {unknown}
 o - a potion of berserk rage
 s - a potion of magic {unknown}
Comestibles
 f - 7 rations


   Skills:
 + Level 4.5 Fighting
 + Level 4.9 Axes
 + Level 5.1 Armour
 + Level 2.0 Dodging
 + Level 4.8 Shields


You had 5 spell levels left.
You didn't know any spells.
Your spell library was empty.

Dungeon Overview and Level Annotations

Branches:
Dungeon (4/15)             Temple (0/1) D:4

Altars:
Elyvilon
Hepliaklqana
Makhleb
Sif Muna

Annotations:
D:4 3 runed doors, Paulus's ghost, novice VSFi


Innate Abilities, Weirdness & Mutations

You reflexively headbutt those who attack you in melee.
You have a pair of horns on your head.


Message History

You barely miss the quokka.
The quokka bites you but does no damage.
The gnoll hits you from afar with a spear of distortion.
Space warps horribly around you!
The gnoll hits you from afar with a spear of freezing.
* * * LOW HITPOINT WARNING * * *
The gnoll freezes you.
* * * LOW HITPOINT WARNING * * *
The gnoll hits you but does no damage.
The gnoll hits you from afar with a spear of distortion.
* * * LOW HITPOINT WARNING * * *
You feel strangely unstable.
The quokka bites you but does no damage.
It was a potion of berserk rage.
A red film seems to cover your vision as you go berserk!
You feel yourself moving faster!
You feel mighty! You block the gnoll's attack.
The quokka bites you but does no damage.
The gnoll barely misses you. The gnoll hits you but does no damage.
Space warps horribly around you!
You die...

..# #.. ..# #.. ..# ...
.## #.# ##+## .# #.#
##...## .# #.###
##.....## .# #.#.##
##.......##
.####....####.g.......#
..>........)'.gr@g....+
#####....####.........#
#.#.## ##.......##
....## ##.....## #....#
##...## #....# ##+##
##.### #.


You could see 3 gnolls and a quokka.

Vanquished Creatures
  2 hounds (D:4)
  An orc priest (D:3)
  3 worker ants (D:4)
  A gnoll (D:4)
  6 adders
  2 worms (D:3)
  A dart slug (D:1)
  3 leopard geckos
  6 orcs
  4 bats (D:1)
  6 giant cockroaches
  7 hobgoblins
  11 jackals
  2 quokkas (D:3)
  3 ball pythons (D:3)
  2 frilled lizards
  8 goblins
  8 kobolds
  3 rats
79 creatures vanquished.

Notes
Turn   | Place    | Note
-------+----------+-------------------------------------------
     0 | D:1      | Hebeh the Minotaur Fighter began the quest for the Orb.
     0 | D:1      | Reached XP level 1. HP: 19/19 MP: 0/0
   358 | D:1      | Reached XP level 2. HP: 27/27 MP: 1/1
   629 | D:1      | Reached skill level 4 in Armour
  1149 | D:2      | Reached XP level 3. HP: 33/33 MP: 2/2
  1591 | D:2      | Found a burning altar of Makhleb.
  1595 | D:2      | Found a hazy altar of Hepliaklqana.
  1722 | D:2      | Found a deep blue altar of Sif Muna.
  1933 | D:3      | Reached skill level 1 in Dodging
  1933 | D:3      | Reached XP level 4. HP: 35/40 MP: 3/3
  2493 | D:3      | Reached XP level 5. HP: 47/47 MP: 4/4
  2693 | D:4      | Reached skill level 5 in Armour
  2782 | D:4      | Found a staircase to the Ecumenical Temple.
  2805 | D:4      | Found a runed gate.
  2805 | D:4      | Found a runed gate.
  2805 | D:4      | Found a runed gate.
  2857 | D:4      | Reached XP level 6. HP: 46/53 MP: 5/5
  2990 | D:4      | Noticed an ice beast
  2997 | D:4      | Noticed Paulus's ghost (novice VSFi)
  3010 | D:4      | Found a white marble altar of Elyvilon.
  3181 | D:4      | Slain by a gnoll

Vault maps used:
D:1:      minmay_arrival_nine_rooms
D:2:      overflow_temple_1_default, lemuel_blue_sif_altar, bloody_makhleb,
          first_ration, nicolae_qazlal_style_of_elements
D:4:      elyvilon_altar_4, temple_pool_b, gammafunk_ghost_icy

Skill      XL: |  1  2  3  4  5  6 |
---------------+-------------------+-----
Armour         | 4 5 |  5.1
Fighting       | 4 |  4.5
Shields        | 4 |  4.8
Axes           | 3 4 |  4.9
Dodging        | 1 2 |  2.0

Action                   |  1- 3 |  4- 6 || total
-------------------------+-------+-------++-------
Melee: War axe           |    81 |   125 ||   206
       Headbutt          |     8 |    15 ||    23
  Use: Potion            |       |     1 ||     1
  Eat: Chunk             |     3 |     4 ||     7
Armor: Scale mail        |    51 |    52 ||   103
Dodge: Dodged            |    26 |    51 ||    77
Block: Shield            |    47 |    81 ||   128

Table legend:
 A = Spawn XP
 B = Non-spawn XP
 C = Spawn XP percentage of total XP
 D = Spawn monster count
 E = Non-spawn monster count
 F = Spawn count percentage of total count
 G = Total turns spent on level
                    A         B        C        D         E        F      G
               +---------+---------+-------+---------+---------+-------+---------
         Total |       0 |     455 |   0.0 |       0 |      79 |   0.0 |  3181
               +---------+---------+-------+---------+---------+-------+---------
           D:1 |       0 |      29 |   0.0 |       0 |      17 |   0.0 |   986
           D:2 |       0 |      61 |   0.0 |       0 |      15 |   0.0 |   856
           D:3 |       0 |     107 |   0.0 |       0 |      30 |   0.0 |   804
           D:4 |       0 |     258 |   0.0 |       0 |      17 |   0.0 |   535
               +---------+---------+-------+---------+---------+-------+---------
